 Dungeon Crawl Stone Soup version 0.23.2-40-g277498a001 (webtiles) character file.

Game seed: 13702148018741658699

31 Felnil the Skirmisher (level 3, 30/30 HPs)
             Began as a Mummy Fighter on Aug 14, 2019.
             Quit the game on level 2 of the Dungeon.
             The game lasted 00:02:34 (943 turns).

Felnil the Skirmisher (Mummy Fighter)                Turns: 943, Time: 00:02:35

Health: 30/30      AC:  6    Str: 20    XL:     3   Next: 7%
Magic:  3/3        EV:  7    Int:  7    God:
Gold:   81         SH:  8    Dex: 11    Spells: 2/2 levels left

rFire    x . .     SeeInvis .   a - +1 war axe
rCold    + . .     Gourm    .   c - +0 shield
rNeg     + + +     Faith    .   b - +0 scale mail
rPois    ∞         Spirit   .   (no helmet)
rElec    .         Reflect  .   (no cloak)
rCorr    +         Harm     .   (no gloves)
MR       .....                  (no boots)
Stlth    ..........             (no amulet)
HPRegen  0.10/turn              m - ring of attention (curse)
MPRegen  0.08/turn              j - ring of resist corrosion

@: very slightly contaminated
A: no food or potions, fire vulnerability, cold resistance 1, negative energy
resistance 3, torment resistance, unbreathing
a: no special abilities


You were on level 2 of the Dungeon.
You were not hungry.

You visited 1 branch of the dungeon, and saw 2 of its levels.

You collected 81 gold pieces.

Inventory:

Hand Weapons
 a - a +1 war axe (weapon)
Armour
 b - a +0 scale mail (worn)
 c - a +0 shield (worn)
Jewellery
 j - a ring of resist corrosion (right hand)
 m - a cursed ring of attention (left hand)
Scrolls
 e - 2 scrolls of blinking
 f - a scroll of magic mapping


   Skills:
 + Level 4.2 Fighting
 - Level 1.5 Axes
 - Level 2.4 Armour
 - Level 2.4 Shields


You had 2 spell levels left.
You didn't know any spells.
Your spell library was empty.

Dungeon Overview and Level Annotations

Branches:
Dungeon (2/15)

Altars:


Innate Abilities, Weirdness & Mutations

You do not eat or drink.
Your flesh is vulnerable to fire.
You are immune to poison.
Your flesh is cold resistant. (rC+)
You are immune to negative energy. (rN+++)
You are immune to unholy pain and torment.
You can survive without breathing.


Message History

It is a scroll of enchant weapon.
Your +0 war axe glows red for a moment.
As you read the scroll labeled SOKLUTENUL, it crumbles to dust.
You hear a loud clanging noise!
It was a scroll of noise.
You hear a shout!
You hear an angry hiss. x2
As you read the scroll labeled KECUROROEXZE, it crumbles to dust.
You feel as if something is helping you.
It was a scroll of remove curse.
You remove your ring of teleportation.
You drop an uncursed ring of teleportation.
Oops, that ring feels deathly cold.
m - a cursed ring of attention (left hand)
Items here: ( )) † a +0 club; a +0 hunting sling; 13 stones; a goblin corpse
As you read the scroll labeled TIRIW ZUMEISK, it crumbles to dust.
You experience a momentary feeling of inescapable doom!
It was a scroll of random uselessness.
You can't drink.
Are you sure you want to abandon this character and quit the game? (Confirm with "yes".)

#.........# #.............
#.........###.............
#..........##.............
#.........................
#......>...###............
#...............%.........
#.........#######...#.....
#..=......######..###.....
#########@..#.....###.....
#...(....###......
......##.(...<.......
.......#..##..........
..#########...#.###..#. .
#..##..# #.... ###...##
##### #...### #####


There were no monsters in sight!

Vanquished Creatures
  A dart slug (D:1)
  A leopard gecko (D:2)
  2 giant cockroaches
  5 goblins
  4 hobgoblins (D:1)
  5 bats
  2 frilled lizards (D:2)
  3 kobolds (D:1)
  4 rats
27 creatures vanquished.

Notes
Turn   | Place    | Note
-------+----------+-------------------------------------------
     0 | D:1      | Felnil the Mummy Fighter began the quest for the Orb.
     0 | D:1      | Reached XP level 1. HP: 18/18 MP: 1/1
   232 | D:1      | Reached XP level 2. HP: 24/24 MP: 2/2
   567 | D:1      | Reached skill level 4 in Fighting
   921 | D:2      | Reached XP level 3. HP: 29/30 MP: 3/3
   943 | D:2      | Quit the game

Skill      XL: |  1  2 |
---------------+-------+-----
Fighting       | 4 |  4.2
Axes           | |  1.5
Armour         | |  2.4
Shields        | |  2.4

Action                   || total
-------------------------++-------
Melee: War axe           ||    94
  Use: Scroll            ||     6
Armor: Scale mail        ||    67
Dodge: Dodged            ||    36
Block: Shield            ||    52
